WCHLSIM.com - West Coast Hockey League
html PUBLIC "-//W3C//DTD XHTML 1.0 Transitional//EN" "http://www.w3.org/TR/xhtml1/DTD/xhtml1-transitional.dtd"> WCHL - Game 3 - SPOKANE KNIGHTS vs KANSAS CITY KILLERBEES

SPOKANE KNIGHTS vs KANSAS CITY KILLERBEES

Created - 2 octobre 2019 at 17:31

Goals
1 2 3 T
SPOKANE KNIGHTS 0 3 2 5
KANSAS CITY KILLERBEES 0 2 0 2
Shots
1 2 3 T
SPOKANE KNIGHTS 7 9 8 24
KANSAS CITY KILLERBEES 8 7 7 22

1st period

No Goal

Penalties :
No Penalty

2nd period

1. SPOKANE KNIGHTS , Mikael Backlund 1 (Vincent Trocheck 1, Tyler Johnson 1) at 0:10
2. SPOKANE KNIGHTS , Vincent Trocheck 1 (Tyler Johnson 2, Mikael Backlund 1) at 0:20
3. KANSAS CITY KILLERBEES , Mark Stone 1 (Sean Couturier 1) at 6:12
4. KANSAS CITY KILLERBEES , William Nylander 1 (Artturi Lehkonen 1, Paul Stastny 1) at 11:15
5. SPOKANE KNIGHTS , Kristopher Letang 1 (Victor Hedman 1, Braden Holtby) at 11:38 (PP)

Penalties :
Colin Miller (KCK) for Hooking (Minor) at 7:35, Dylan DeMelo (KCK) for Hooking (Minor) at 7:58, Jacob Muzzin (KCK) for Hooking (Minor) at 11:24

3rd period

6. SPOKANE KNIGHTS , Patrick Kane 1 (Sebastian Aho 1, Victor Hedman 2) at 9:11 (PP)
7. SPOKANE KNIGHTS , Sebastian Aho 1 (Blake Wheeler 1, Tomas Hertl 1) at 12:02

Penalties :
Dylan DeMelo (KCK) for Hooking (Minor) at 8:44, Jacob de la Rose (KCK) for High sticking (Minor) at 12:16

Goalie Stats

Braden Holtby (SPO), 20 saves from 22 shots - (0,909), W, 1-0-0, 60:00 minutes
John Gibson (KCK), 15 saves from 19 shots - (0,789), L, 0-1-0, 49:11 minutes
Jonathan Bernier (KCK), 4 saves from 5 shots - (0,800), 10:49 minutes

Players Stats for SPOKANE KNIGHTS

Player Name              G  A  P  +/- PIM S  H  SB GA TA FO     MP     PP MP  PK MP  
------------------------------------------------------------------------------------
Anton Stralman           0  0  0  -1  0   1  4  0  0  0  0/0    19:51   1:56   0:00 
Blake Wheeler            0  1  1   1  0   1  4  0  0  0  1/2    18:44   1:56   0:00 
Bogdan Kiselevich        0  0  0   2  0   0  1  0  0  0  0/0    19:05   0:00   0:00 
Brooks Orpik             0  0  0   2  0   0  0  0  0  0  0/0    19:05   0:00   0:00 
Dmitri Jaskin            0  0  0  -1  0   1  0  0  0  0  0/0     6:24   0:00   0:00 
Kristopher Letang        1  0  1  -1  0   2  0  0  0  0  0/0    21:15   3:06   0:00 
Marcus Kruger            0  0  0   0  0   0  0  0  0  0  0/0     0:00   0:00   0:00 
Matthew Tkachuk          0  0  0  -1  0   1  4  0  0  0  0/0    19:30   3:06   0:00 
Mikael Backlund          1  1  2   2  0   3  0  0  0  0  11/18  17:18   1:56   0:00 
Patrick Kane             1  0  1  -1  0   2  0  0  0  0  0/0    19:30   3:06   0:00 
Phillip Danault          0  0  0  -1  0   1  0  1  0  0  12/18  18:20   1:56   0:00 
Sebastian Aho            1  1  2   1  0   6  0  0  0  0  9/20   19:54   3:06   0:00 
Tomas Hertl              0  1  1   1  0   3  1  0  0  0  0/3    18:44   1:56   0:00 
Tyler Johnson            0  2  2   2  0   0  0  0  0  0  1/2    15:22   0:00   0:00 
Tyler Pitlick            0  0  0  -1  0   1  0  0  0  0  0/1     6:24   0:00   0:00 
Victor Hedman            0  2  2   0  0   0  1  0  0  0  0/0    21:04   3:06   0:00 
Vincent Trocheck         1  1  2   1  0   2  2  0  0  0  3/7    21:46   0:00   0:00 
Zdeno Chara              0  0  0   0  0   0  0  2  0  0  0/0    17:44   0:00   0:00 

Players Stats for KANSAS CITY KILLERBEES

Player Name              G  A  P  +/- PIM S  H  SB GA TA FO     MP     PP MP  PK MP  
------------------------------------------------------------------------------------
Alexander DeBrincat      0  0  0   0  0   1  0  0  0  0  0/0    16:45   0:00   0:00 
Artturi Lehkonen         0  1  1  -1  0   1  3  0  0  0  1/4    17:56   0:00   1:59 
Austin Czarnik           0  0  0   0  0   2  1  0  0  0  0/0    13:04   0:00   0:00 
Calvin De Haan           0  0  0   1  0   1  0  1  0  0  0/0    20:53   0:00   2:37 
Cam Fowler               0  0  0  -1  0   1  0  0  0  0  0/0    19:42   0:00   0:50 
Colin Miller             0  0  0  -1  2   0  0  3  0  0  0/0    17:49   0:00   0:00 
Denis Malgin             0  0  0   0  0   0  0  0  0  0  0/0     9:12   0:00   0:00 
Dylan DeMelo             0  0  0   1  4   0  1  0  0  0  0/0    19:38   0:00   1:23 
Hampus Lindholm          0  0  0  -2  0   0  0  0  0  0  0/0    20:30   0:00   2:25 
Jacob de la Rose         0  0  0   0  2   0  1  0  0  0  0/0     9:11   0:00   0:00 
Jacob Muzzin             0  0  0   0  2   1  3  2  0  0  0/0    21:24   0:00   2:48 
Kyle Brodziak            0  0  0   0  0   1  1  0  0  0  5/11    9:12   0:00   0:00 
Mark Stone               1  0  1   0  0   4  2  0  0  0  0/1    19:17   0:00   2:32 
Mattias Janmark          0  0  0   0  0   0  0  0  0  0  0/0    13:04   0:00   0:00 
Paul Stastny             0  1  1  -1  0   2  0  1  0  0  10/17  15:57   0:00   0:00 
Ryan Kesler              0  0  0   0  0   2  1  1  0  0  7/13   14:29   0:00   1:25 
Sean Couturier           0  1  1   0  0   5  1  0  0  0  10/24  19:17   0:00   2:32 
William Nylander         1  0  1  -1  0   1  2  0  0  0  1/1    15:57   0:00   0:00 

3 Stars

1 - Vincent Trocheck (SPO)
2 - Mikael Backlund (SPO)
3 - Sebastian Aho (SPO)

Power Play

SPOKANE KNIGHTS - 2 on 5 Attempt(s) - 40,00%
KANSAS CITY KILLERBEES - 0 on 0 Attempt(s) - 0,00%

Penalty Kill

SPOKANE KNIGHTS - 0 on 0 Attempt(s) - 0,00% - Score 0 goal in Penalty Kill
KANSAS CITY KILLERBEES - 3 on 5 Attempt(s) - 60,00% - Score 0 goal in Penalty Kill

Team Stat

SPOKANE KNIGHTS - Hits : 17 - Faceoff Wins : 37 - Blocked Shots : 3 - Penalty Minutes : 0
KANSAS CITY KILLERBEES - Hits : 16 - Faceoff Wins : 34 - Blocked Shots : 8 - Penalty Minutes : 10

Official

Referees : Brad Meier and Brian Pochmara
Linesman : Kevin Ferguson and Paul Simeon

Game Notes

Jonathan Bernier enters game at 9:11 of 3rd period

Finance

Level 1 -- Attendance: 6500 (100,00%) -- Ticket Income 682 500 $
Level 2 -- Attendance: 5300 (100,00%) -- Ticket Income 339 200 $
Level 3 -- Attendance: 2500 (100,00%) -- Ticket Income 97 500 $
Level 4 -- Attendance: 4200 (100,00%) -- Ticket Income 117 600 $
Luxury Box -- Attendance: 1020 (100,00%) -- Ticket Income 206 040 $
Game was played at the Missouri Beehive Complex.
Total Attendance: 19520 (100,00%)
Total Ticket Income: 1 442 840 $
Other Income: 461 709 $
Total Income: 1 904 549 $

SPOKANE KNIGHTS

5 vs 5 Forward 
   Center                   Left Wing                Right Wing               Time % Phy DF OF 
 1 Sebastian Aho            Tomas Hertl              Blake Wheeler            30     1   2  2  
 2 Phillip Danault          Matthew Tkachuk          Patrick Kane             30     1   2  2  
 3 Mikael Backlund          Vincent Trocheck         Tyler Johnson            30     1   2  2  
 4 Vincent Trocheck         Dmitri Jaskin            Tyler Pitlick            10     1   2  2  

5 vs 5 Defense 
   Defense                  Defense                                           Time % Phy DF OF 
 1 Anton Stralman           Kristopher Letang                                 33     1   2  2  
 2 Zdeno Chara              Victor Hedman                                     32     1   2  2  
 3 Bogdan Kiselevich        Brooks Orpik                                      25     1   2  2  
 4 Bogdan Kiselevich        Brooks Orpik                                      10     1   2  2  

PowerPlay Forward 
   Center                   Left Wing                Right Wing               Time % Phy DF OF 
 1 Sebastian Aho            Matthew Tkachuk          Patrick Kane             60     1   1  3  
 2 Phillip Danault          Tomas Hertl              Blake Wheeler            40     1   1  3  

PowerPlay Defense
   Defense                  Defense                                           Time % Phy DF OF 
 1 Victor Hedman            Kristopher Letang                                 60     1   1  3  
 2 Anton Stralman           Mikael Backlund                                   40     1   1  3  

Penalty Kill 4 Players Forward 
   Center                   Wing                     Time % Phy DF OF 
 1 Vincent Trocheck         Mikael Backlund          50     1   3  1  
 2 Phillip Danault          Tomas Hertl              50     1   3  1  

Penalty Kill 4 Players Defense
   Defense                  Defense                  Time % Phy DF OF 
 1 Zdeno Chara              Brooks Orpik             60     1   3  1  
 2 Victor Hedman            Kristopher Letang        40     1   3  1  

Penalty Kill - 3 Players Forward 
   Forward                                           Time % Phy DF OF 
 1 Phillip Danault                                   60     0   5  0  
 2 Vincent Trocheck                                  40     0   5  0  

Penalty Kill - 3 Players Defense
   Defense                  Defense                  Time % Phy DF OF 
 1 Kristopher Letang        Victor Hedman            60     0   5  0  
 2 Anton Stralman           Zdeno Chara              40     0   5  0  

4 vs 4 Forward 
   Center                   Wing                     Time % Phy DF OF 
 1 Sebastian Aho            Tomas Hertl              50     1   2  2  
 2 Phillip Danault          Blake Wheeler            50     1   2  2  

4 vs 4 Defense
   Defense                  Defense                  Time % Phy DF OF 
 1 Kristopher Letang        Victor Hedman            60     1   2  2  
 2 Anton Stralman           Zdeno Chara              40     1   2  2  

Last Minutes Offensive
   Center                   Left Wing                Right Wing               Defense                  Defense                  
   Sebastian Aho            Tomas Hertl              Blake Wheeler            Kristopher Letang        Victor Hedman            

Last Minutes Defensive
   Center                   Left Wing                Right Wing               Defense                  Defense                  
   Phillip Danault          Tomas Hertl              Blake Wheeler            Kristopher Letang        Victor Hedman            

Goaltenders
Starting : Braden Holtby            
Backup : Craig Anderson           

Extra Forwards
Normal : Tyler Johnson, Mikael Backlund, Patrick Kane - PP : Tyler Johnson, Vincent Trocheck - PK : Tyler Johnson
Extra Defensemen
Normal : Zdeno Chara, Anton Stralman, Brooks Orpik - PP : Zdeno Chara - PK : Brooks Orpik, Zdeno Chara
Penalty Shots
Matthew Tkachuk, Patrick Kane, Tomas Hertl, Sebastian Aho, Blake Wheeler
Custom OT Lines Forwards
Sebastian Aho, Tomas Hertl, Phillip Danault, Blake Wheeler, Patrick Kane, Matthew Tkachuk, Mikael Backlund, Vincent Trocheck, Tyler Johnson, Tyler Pitlick
Custom OT Lines Defensemen
Kristopher Letang, Victor Hedman, Anton Stralman, Zdeno Chara, Brooks Orpik

Scratches
Jamie Oleksiak (Healthy), Noah Hanifin (Healthy), Scott Savage (Healthy), Remi Elie (Healthy), Tyrell Goulbourne (Healthy)
Valentin Zykov (Healthy)

KANSAS CITY KILLERBEES

5 vs 5 Forward 
   Center                   Left Wing                Right Wing               Time % Phy DF OF 
 1 Sean Couturier           Alexander DeBrincat      Mark Stone               33     1   2  2  
 2 Paul Stastny             Artturi Lehkonen         William Nylander         30     1   2  2  
 3 Ryan Kesler              Mattias Janmark          Austin Czarnik           26     1   2  2  
 4 Kyle Brodziak            Jacob de la Rose         Denis Malgin             11     1   2  2  

5 vs 5 Defense 
   Defense                  Defense                                           Time % Phy DF OF 
 1 Hampus Lindholm          Colin Miller                                      33     1   2  2  
 2 Cam Fowler               Jacob Muzzin                                      33     1   2  2  
 3 Dylan DeMelo             Calvin De Haan                                    33     1   2  2  
 4 Hampus Lindholm          Cam Fowler                                        1      1   2  2  

PowerPlay Forward 
   Center                   Left Wing                Right Wing               Time % Phy DF OF 
 1 Sean Couturier           Alexander DeBrincat      Mark Stone               55     1   2  2  
 2 Paul Stastny             Mattias Janmark          William Nylander         45     1   2  2  

PowerPlay Defense
   Defense                  Defense                                           Time % Phy DF OF 
 1 Colin Miller             Jacob Muzzin                                      50     1   2  2  
 2 Dylan DeMelo             Cam Fowler                                        50     1   2  2  

Penalty Kill 4 Players Forward 
   Center                   Wing                     Time % Phy DF OF 
 1 Sean Couturier           Mark Stone               55     1   2  2  
 2 Ryan Kesler              Artturi Lehkonen         45     1   2  2  

Penalty Kill 4 Players Defense
   Defense                  Defense                  Time % Phy DF OF 
 1 Jacob Muzzin             Hampus Lindholm          50     1   2  2  
 2 Dylan DeMelo             Calvin De Haan           50     1   2  2  

Penalty Kill - 3 Players Forward 
   Forward                                           Time % Phy DF OF 
 1 Artturi Lehkonen                                  55     1   2  2  
 2 Ryan Kesler                                       45     1   2  2  

Penalty Kill - 3 Players Defense
   Defense                  Defense                  Time % Phy DF OF 
 1 Hampus Lindholm          Jacob Muzzin             50     1   2  2  
 2 Calvin De Haan           Dylan DeMelo             50     1   2  2  

4 vs 4 Forward 
   Center                   Wing                     Time % Phy DF OF 
 1 Sean Couturier           Mark Stone               55     1   2  2  
 2 Paul Stastny             Alexander DeBrincat      45     1   2  2  

4 vs 4 Defense
   Defense                  Defense                  Time % Phy DF OF 
 1 Hampus Lindholm          Jacob Muzzin             50     1   2  2  
 2 Cam Fowler               Colin Miller             50     1   2  2  

Last Minutes Offensive
   Center                   Left Wing                Right Wing               Defense                  Defense                  
   Sean Couturier           Alexander DeBrincat      Mark Stone               Colin Miller             Hampus Lindholm          

Last Minutes Defensive
   Center                   Left Wing                Right Wing               Defense                  Defense                  
   Paul Stastny             Artturi Lehkonen         Austin Czarnik           Jacob Muzzin             Hampus Lindholm          

Goaltenders
Starting : John Gibson              
Backup : Jonathan Bernier         

Extra Forwards
Normal : Mark Stone, William Nylander, Alexander DeBrincat - PP : William Nylander, Paul Stastny - PK : Sean Couturier
Extra Defensemen
Normal : Hampus Lindholm, Cam Fowler, Calvin De Haan - PP : Colin Miller - PK : Jacob Muzzin, Dylan DeMelo
Penalty Shots
William Nylander, Sean Couturier, Alexander DeBrincat, Mark Stone, Paul Stastny
Custom OT Lines Forwards
Sean Couturier, William Nylander, Paul Stastny, Mark Stone, Mattias Janmark, Alexander DeBrincat, Ryan Kesler, Austin Czarnik, Artturi Lehkonen, Denis Malgin
Custom OT Lines Defensemen
Hampus Lindholm, Jacob Muzzin, Cam Fowler, Colin Miller, Calvin De Haan

Scratches
Hunter Shinkaruk (Healthy), Joseph LaBate (Healthy), Nikita Korostelev (Healthy), Eric Cornel (Healthy), Hunter Warner (Healthy)
Jan Rutta (Healthy), Josiah Didier (Healthy), Matthew Phillips (Healthy), Parker Wotherspoon (Healthy), Reece Scarlett (Healthy)
Steven Spinner (Healthy), Ken Appleby (Healthy), Mikhail Berdin (Healthy)

% Time on Ice - SPOKANE KNIGHTS

Lines # - Real PCT - Wanted PCT - Time Play
Normal Forward
1 - 31% - 30% - 16:48
2 - 30% - 30% - 16:24
3 - 28% - 30% - 15:22
4 - 12% - 10% - 6:24
Normal Defense
1 - 33% - 33% - 17:55
2 - 33% - 32% - 17:58
3 - 26% - 25% - 14:10
4 - 9% - 10% - 4:55
PP Forward
1 - 62% - 60% - 3:06
2 - 38% - 40% - 1:56
PP Defense
1 - 62% - 60% - 3:06
2 - 38% - 40% - 1:56
PK Forward
1 - 0% - 50%
2 - 0% - 50%
PK Defense
1 - 0% - 60%
2 - 0% - 40%
PK3 Forward
1 - 0% - 60%
2 - 0% - 40%
PK3 Defense
1 - 0% - 60%
2 - 0% - 40%
44 Forward
1 - 0% - 50%
2 - 0% - 50%
44 Defense
1 - 0% - 60%
2 - 0% - 40%
Last Minute Offensive  - 0:00
Last Minute Defensive  - 0:00
Total
Forward - 60:00
Defense - 60:00

% Time on Ice - KANSAS CITY KILLERBEES

Lines # - Real PCT - Wanted PCT - Time Play
Normal Forward
1 - 30% - 33% - 16:45
2 - 29% - 30% - 15:57
3 - 24% - 26% - 13:04
4 - 17% - 11% - 9:12
Normal Defense
1 - 32% - 33% - 17:50
2 - 34% - 33% - 18:37
3 - 33% - 33% - 18:16
4 - 0% - 1% - 0:15
PP Forward
1 - 0% - 55%
2 - 0% - 45%
PP Defense
1 - 0% - 50%
2 - 0% - 50%
PK Forward
1 - 74% - 55% - 2:32
2 - 26% - 45% - 0:54
PK Defense
1 - 50% - 50% - 1:43
2 - 50% - 50% - 1:43
PK3 Forward
1 - 68% - 55% - 1:05
2 - 32% - 45% - 0:31
PK3 Defense
1 - 44% - 50% - 0:42
2 - 56% - 50% - 0:54
44 Forward
1 - 0% - 55%
2 - 0% - 45%
44 Defense
1 - 0% - 50%
2 - 0% - 50%
Last Minute Offensive  - 0:00
Last Minute Defensive  - 0:00
Total
Forward - 60:00
Defense - 60:00

Play-by-Play

1st period


0:01 of 1st period - Sebastian Aho wins face-off versus Sean Couturier in neutral zone.
0:46 of 1st period - Shot by Sean Couturier.
0:46 of 1st period - Shot Misses the Net.
1:08 of 1st period - Shot by Patrick Kane.
1:08 of 1st period - Stopped by John Gibson without a rebound.
1:09 of 1st period - Paul Stastny wins face-off versus Mikael Backlund in KANSAS CITY KILLERBEES zone.
1:31 of 1st period - Shot by Paul Stastny.
1:31 of 1st period - Deflect By William Nylander.
1:31 of 1st period - Shot Misses the Net.
2:11 of 1st period - Shot by Mattias Janmark.
2:11 of 1st period - Shot Blocked by Zdeno Chara.
2:13 of 1st period - Shot by Dylan DeMelo.
2:13 of 1st period - Deflect By Ryan Kesler.
2:13 of 1st period - Stopped by Braden Holtby with a rebound.
2:29 of 1st period - Shot by Austin Czarnik.
2:29 of 1st period - Stopped by Braden Holtby with a rebound.
2:31 of 1st period - Shot by Calvin De Haan.
2:31 of 1st period - Stopped by Braden Holtby without a rebound.
2:32 of 1st period - Sebastian Aho wins face-off versus Kyle Brodziak in SPOKANE KNIGHTS zone.
2:36 of 1st period - Icing by Kristopher Letang.
2:37 of 1st period - Sebastian Aho wins face-off versus Kyle Brodziak in SPOKANE KNIGHTS zone.
2:46 of 1st period - Dylan DeMelo is hit by Tomas Hertl and loses puck.
3:00 of 1st period - Icing by Jacob de la Rose.
3:01 of 1st period - Vincent Trocheck wins face-off versus Kyle Brodziak in KANSAS CITY KILLERBEES zone.
3:07 of 1st period - Icing by Dylan DeMelo.
3:08 of 1st period - Vincent Trocheck wins face-off versus Kyle Brodziak in KANSAS CITY KILLERBEES zone.
3:11 of 1st period - Shot by Vincent Trocheck.
3:11 of 1st period - Deflect By Dmitri Jaskin.
3:11 of 1st period - Stopped by John Gibson without a rebound.
3:12 of 1st period - Phillip Danault wins face-off versus Ryan Kesler in KANSAS CITY KILLERBEES zone.
3:17 of 1st period - Shot by Matthew Tkachuk.
3:17 of 1st period - Stopped by John Gibson without a rebound.
3:18 of 1st period - Ryan Kesler wins face-off versus Mikael Backlund in KANSAS CITY KILLERBEES zone.
3:31 of 1st period - Shot by Austin Czarnik.
3:31 of 1st period - Shot Misses the Net.
3:33 of 1st period - Shot by Cam Fowler.
3:33 of 1st period - Stopped by Braden Holtby without a rebound.
3:34 of 1st period - Phillip Danault wins face-off versus Paul Stastny in SPOKANE KNIGHTS zone.
3:34 of 1st period - Phillip Danault is hit by William Nylander.
4:10 of 1st period - Shot by Patrick Kane.
4:10 of 1st period - Deflect By Phillip Danault.
4:10 of 1st period - Shot Misses the Net.
5:40 of 1st period - Icing by Zdeno Chara.
5:41 of 1st period - Mikael Backlund wins face-off versus Kyle Brodziak in SPOKANE KNIGHTS zone.
6:32 of 1st period - Shot by Sean Couturier.
6:32 of 1st period - Stopped by Braden Holtby without a rebound.
6:33 of 1st period - Phillip Danault wins face-off versus Sean Couturier in SPOKANE KNIGHTS zone.
8:02 of 1st period - Shot by Paul Stastny.
8:02 of 1st period - Shot Misses the Net.
8:36 of 1st period - Shot by Ryan Kesler.
8:36 of 1st period - Shot Blocked by Phillip Danault.
8:38 of 1st period - Shot by Dylan DeMelo.
8:38 of 1st period - Shot Misses the Net.
8:40 of 1st period - Shot by Ryan Kesler.
8:40 of 1st period - Stopped by Braden Holtby without a rebound.
8:41 of 1st period - Vincent Trocheck wins face-off versus Kyle Brodziak in SPOKANE KNIGHTS zone.
8:45 of 1st period - Kristopher Letang is hit by Jacob Muzzin and loses puck.
9:19 of 1st period - Shot by Vincent Trocheck.
9:19 of 1st period - Shot Blocked by Jacob Muzzin.
9:21 of 1st period - Shot by Anton Stralman.
9:21 of 1st period - Shot Blocked by Jacob Muzzin.
9:23 of 1st period - Shot by Vincent Trocheck.
9:23 of 1st period - Stopped by John Gibson without a rebound.
9:24 of 1st period - Sean Couturier wins face-off versus Sebastian Aho in KANSAS CITY KILLERBEES zone.
9:38 of 1st period - Off-side.
9:39 of 1st period - Ryan Kesler wins face-off versus Mikael Backlund in neutral zone.
10:58 of 1st period - Shot by Tomas Hertl.
10:58 of 1st period - Shot Blocked by Colin Miller.
12:41 of 1st period - Shot by Mark Stone.
12:41 of 1st period - Deflect By Sean Couturier.
12:41 of 1st period - Stopped by Braden Holtby with a rebound.
14:00 of 1st period - Shot by Patrick Kane.
14:00 of 1st period - Shot Misses the Net.
14:02 of 1st period - Shot by Matthew Tkachuk.
14:02 of 1st period - Shot Misses the Net.
14:23 of 1st period - Icing by Kristopher Letang.
14:24 of 1st period - Kyle Brodziak wins face-off versus Phillip Danault in SPOKANE KNIGHTS zone.
16:08 of 1st period - Icing by Victor Hedman.
16:09 of 1st period - Mikael Backlund wins face-off versus Sean Couturier in SPOKANE KNIGHTS zone.
16:09 of 1st period - Mikael Backlund is hit by Mark Stone.
16:23 of 1st period - Icing by Victor Hedman.
16:24 of 1st period - Mikael Backlund wins face-off versus Paul Stastny in SPOKANE KNIGHTS zone.
16:28 of 1st period - Off-side.
16:29 of 1st period - Paul Stastny wins face-off versus Sebastian Aho in neutral zone.
16:32 of 1st period - Tomas Hertl is hit by Artturi Lehkonen and loses puck.
17:00 of 1st period - Shot by Sebastian Aho.
17:00 of 1st period - Stopped by John Gibson with a rebound.
17:02 of 1st period - Shot by Brooks Orpik.
17:02 of 1st period - Shot Blocked by Paul Stastny.
17:06 of 1st period - Shot by Tomas Hertl.
17:06 of 1st period - Stopped by John Gibson without a rebound.
17:07 of 1st period - Mikael Backlund wins face-off versus Sean Couturier in KANSAS CITY KILLERBEES zone.
17:28 of 1st period - Shot by Sean Couturier.
17:28 of 1st period - Deflect By Alexander DeBrincat.
17:28 of 1st period - Shot Misses the Net.
17:44 of 1st period - Shot by Sean Couturier.
17:44 of 1st period - Stopped by Braden Holtby without a rebound.
17:45 of 1st period - Ryan Kesler wins face-off versus Sebastian Aho in SPOKANE KNIGHTS zone.
18:01 of 1st period - Austin Czarnik is hit by Victor Hedman and loses puck.
18:08 of 1st period - Cam Fowler is hit by Blake Wheeler.
19:03 of 1st period - Shot by Dmitri Jaskin.
19:03 of 1st period - Shot Misses the Net.
19:09 of 1st period - Shot by Tyler Pitlick.
19:09 of 1st period - Stopped by John Gibson without a rebound.
19:10 of 1st period - Phillip Danault wins face-off versus Sean Couturier in KANSAS CITY KILLERBEES zone.
19:11 of 1st period - Shot by Patrick Kane.
19:11 of 1st period - Shot Blocked by Calvin De Haan.
19:14 of 1st period - Icing by Sean Couturier.
19:15 of 1st period - Phillip Danault wins face-off versus Sean Couturier in KANSAS CITY KILLERBEES zone.
Goals for this period are 0 for SPOKANE KNIGHTS vs 0 for KANSAS CITY KILLERBEES.
Shots for this period are 7 for SPOKANE KNIGHTS vs 8 for KANSAS CITY KILLERBEES.

2nd period


0:01 of 2nd period - Mikael Backlund wins face-off versus Artturi Lehkonen in neutral zone.
0:10 of 2nd period - Shot by Mikael Backlund.
0:10 of 2nd period - Goal by Mikael Backlund - SPOKANE KNIGHTS : 1 - KANSAS CITY KILLERBEES : 0.
0:11 of 2nd period - Sean Couturier wins face-off versus Vincent Trocheck in neutral zone.
0:14 of 2nd period - Shot by Mark Stone.
0:14 of 2nd period - Deflect By Sean Couturier.
0:14 of 2nd period - Stopped by Braden Holtby without a rebound.
0:15 of 2nd period - Mikael Backlund wins face-off versus Paul Stastny in SPOKANE KNIGHTS zone.
0:20 of 2nd period - Shot by Vincent Trocheck.
0:20 of 2nd period - Goal by Vincent Trocheck - SPOKANE KNIGHTS : 2 - KANSAS CITY KILLERBEES : 0.
0:21 of 2nd period - Paul Stastny wins face-off versus Mikael Backlund in neutral zone.
0:30 of 2nd period - Shot by Paul Stastny.
0:30 of 2nd period - Shot Blocked by Zdeno Chara.
0:32 of 2nd period - Shot by Jacob Muzzin.
0:32 of 2nd period - Stopped by Braden Holtby without a rebound.
0:33 of 2nd period - Sean Couturier wins face-off versus Tomas Hertl in SPOKANE KNIGHTS zone.
0:50 of 2nd period - Shot by Sean Couturier.
0:50 of 2nd period - Shot Misses the Net.
1:10 of 2nd period - Shot by Sean Couturier.
1:10 of 2nd period - Deflect By Alexander DeBrincat.
1:10 of 2nd period - Stopped by Braden Holtby without a rebound.
1:11 of 2nd period - Mikael Backlund wins face-off versus Paul Stastny in SPOKANE KNIGHTS zone.
2:16 of 2nd period - Alexander DeBrincat is hit by Matthew Tkachuk and loses puck.
3:20 of 2nd period - Shot by Mattias Janmark.
3:20 of 2nd period - Shot Misses the Net.
3:30 of 2nd period - Shot by Mattias Janmark.
3:30 of 2nd period - Shot Misses the Net.
3:32 of 2nd period - Shot by Colin Miller.
3:32 of 2nd period - Shot Misses the Net.
3:34 of 2nd period - Shot by Austin Czarnik.
3:34 of 2nd period - Shot Misses the Net.
3:40 of 2nd period - Shot by Mattias Janmark.
3:40 of 2nd period - Shot Misses the Net.
4:21 of 2nd period - Shot by Denis Malgin.
4:21 of 2nd period - Deflect By Jacob de la Rose.
4:21 of 2nd period - Shot Misses the Net.
4:35 of 2nd period - Shot by Kyle Brodziak.
4:35 of 2nd period - Shot Misses the Net.
5:02 of 2nd period - Icing by Dylan DeMelo.
5:03 of 2nd period - Phillip Danault wins face-off versus Paul Stastny in KANSAS CITY KILLERBEES zone.
6:12 of 2nd period - Shot by Mark Stone.
6:12 of 2nd period - Goal by Mark Stone - SPOKANE KNIGHTS : 2 - KANSAS CITY KILLERBEES : 1.
6:13 of 2nd period - Ryan Kesler wins face-off versus Mikael Backlund in neutral zone.
6:13 of 2nd period - Austin Czarnik is hit by Vincent Trocheck and loses puck.
7:17 of 2nd period - Mark Stone is hit by Blake Wheeler and loses puck.
7:35 of 2nd period - Minor Penalty to Colin Miller for Hooking.
7:36 of 2nd period - Sean Couturier wins face-off versus Sebastian Aho in KANSAS CITY KILLERBEES zone.
7:58 of 2nd period - Minor Penalty to Dylan DeMelo for Hooking.
7:59 of 2nd period - Phillip Danault wins face-off versus Artturi Lehkonen in KANSAS CITY KILLERBEES zone.
8:08 of 2nd period - Shot by Mikael Backlund.
8:08 of 2nd period - Stopped by John Gibson without a rebound.
8:09 of 2nd period - Blake Wheeler wins face-off versus Artturi Lehkonen in KANSAS CITY KILLERBEES zone.
8:10 of 2nd period - Shot by Mikael Backlund.
8:10 of 2nd period - Stopped by John Gibson with a rebound.
8:17 of 2nd period - Blake Wheeler is hit by Jacob Muzzin and loses puck.
8:20 of 2nd period - Shot by Anton Stralman.
8:20 of 2nd period - Stopped by John Gibson with a rebound.
8:22 of 2nd period - Shot by Phillip Danault.
8:22 of 2nd period - Stopped by John Gibson without a rebound.
8:23 of 2nd period - Artturi Lehkonen wins face-off versus Sebastian Aho in KANSAS CITY KILLERBEES zone.
8:55 of 2nd period - Calvin De Haan is hit by Matthew Tkachuk and loses puck.
9:30 of 2nd period - Shot by Mikael Backlund.
9:30 of 2nd period - Shot Misses the Net.
9:52 of 2nd period - Sean Couturier is hit by Anton Stralman and loses puck.
10:08 of 2nd period - Shot by Denis Malgin.
10:08 of 2nd period - Shot Misses the Net.
10:32 of 2nd period - Denis Malgin is hit by Bogdan Kiselevich and loses puck.
11:15 of 2nd period - Shot by William Nylander.
11:15 of 2nd period - Goal by William Nylander - SPOKANE KNIGHTS : 2 - KANSAS CITY KILLERBEES : 2.
11:16 of 2nd period - Sean Couturier wins face-off versus Phillip Danault in neutral zone.
11:24 of 2nd period - Minor Penalty to Jacob Muzzin for Hooking.
11:25 of 2nd period - Sean Couturier wins face-off versus Sebastian Aho in KANSAS CITY KILLERBEES zone.
11:38 of 2nd period - Shot by Kristopher Letang.
11:38 of 2nd period - Goal by Kristopher Letang - SPOKANE KNIGHTS : 3 - KANSAS CITY KILLERBEES : 2.
11:39 of 2nd period - Paul Stastny wins face-off versus Tomas Hertl in neutral zone.
11:49 of 2nd period - Shot by Blake Wheeler.
11:49 of 2nd period - Stopped by John Gibson without a rebound.
11:50 of 2nd period - Phillip Danault wins face-off versus Mark Stone in KANSAS CITY KILLERBEES zone.
12:14 of 2nd period - Icing by Kristopher Letang.
12:15 of 2nd period - Paul Stastny wins face-off versus Phillip Danault in SPOKANE KNIGHTS zone.
12:44 of 2nd period - Paul Stastny is hit by Anton Stralman.
12:51 of 2nd period - Icing by Anton Stralman.
12:52 of 2nd period - Phillip Danault wins face-off versus Sean Couturier in SPOKANE KNIGHTS zone.
12:52 of 2nd period - Phillip Danault is hit by Mark Stone.
13:01 of 2nd period - Sean Couturier is hit by Anton Stralman and loses puck.
14:04 of 2nd period - Shot by Ryan Kesler.
14:04 of 2nd period - Shot Misses the Net.
14:06 of 2nd period - Shot by Mattias Janmark.
14:06 of 2nd period - Shot Misses the Net.
14:37 of 2nd period - Phillip Danault is hit by Austin Czarnik and loses puck.
14:53 of 2nd period - Icing by Anton Stralman.
14:54 of 2nd period - Kyle Brodziak wins face-off versus Phillip Danault in SPOKANE KNIGHTS zone.
14:58 of 2nd period - Denis Malgin is hit by Anton Stralman and loses puck.
15:26 of 2nd period - Shot by Kyle Brodziak.
15:26 of 2nd period - Stopped by Braden Holtby without a rebound.
15:27 of 2nd period - Tyler Johnson wins face-off versus Paul Stastny in SPOKANE KNIGHTS zone.
15:27 of 2nd period - Tyler Johnson is hit by William Nylander.
15:32 of 2nd period - Icing by Mikael Backlund.
15:33 of 2nd period - Paul Stastny wins face-off versus Vincent Trocheck in SPOKANE KNIGHTS zone.
15:50 of 2nd period - Mikael Backlund is hit by Artturi Lehkonen and loses puck.
16:59 of 2nd period - Sebastian Aho is hit by Artturi Lehkonen and loses puck.
18:07 of 2nd period - Off-side.
18:08 of 2nd period - Sebastian Aho wins face-off versus Ryan Kesler in neutral zone.
18:18 of 2nd period - Shot by Sebastian Aho.
18:18 of 2nd period - Shot Blocked by Colin Miller.
18:52 of 2nd period - Icing by Victor Hedman.
18:53 of 2nd period - Sean Couturier wins face-off versus Tyler Johnson in SPOKANE KNIGHTS zone.
18:54 of 2nd period - Shot by Mark Stone.
18:54 of 2nd period - Stopped by Braden Holtby without a rebound.
18:55 of 2nd period - Mikael Backlund wins face-off versus Sean Couturier in SPOKANE KNIGHTS zone.
19:01 of 2nd period - Icing by Victor Hedman.
19:02 of 2nd period - Sean Couturier wins face-off versus Vincent Trocheck in SPOKANE KNIGHTS zone.
19:33 of 2nd period - Shot by Mikael Backlund.
19:33 of 2nd period - Shot Misses the Net.
19:59 of 2nd period - Shot by Sebastian Aho.
19:59 of 2nd period - Stopped by John Gibson without a rebound.
Goals for this period are 3 for SPOKANE KNIGHTS vs 2 for KANSAS CITY KILLERBEES.
Shots for this period are 9 for SPOKANE KNIGHTS vs 7 for KANSAS CITY KILLERBEES.

3rd period


0:01 of 3rd period - Mikael Backlund wins face-off versus Paul Stastny in neutral zone.
0:16 of 3rd period - William Nylander is hit by Vincent Trocheck and loses puck.
0:24 of 3rd period - Off-side.
0:25 of 3rd period - Ryan Kesler wins face-off versus Tomas Hertl in neutral zone.
0:30 of 3rd period - Shot by Mattias Janmark.
0:30 of 3rd period - Shot Misses the Net.
0:33 of 3rd period - Icing by Victor Hedman.
0:34 of 3rd period - Sebastian Aho wins face-off versus Sean Couturier in SPOKANE KNIGHTS zone.
0:39 of 3rd period - Shot by Tomas Hertl.
0:39 of 3rd period - Stopped by John Gibson without a rebound.
0:40 of 3rd period - Mikael Backlund wins face-off versus Sean Couturier in KANSAS CITY KILLERBEES zone.
1:06 of 3rd period - Shot by Tyler Johnson.
1:06 of 3rd period - Shot Misses the Net.
1:22 of 3rd period - Mikael Backlund is hit by Sean Couturier and loses puck.
3:05 of 3rd period - Shot by Paul Stastny.
3:05 of 3rd period - Shot Misses the Net.
3:23 of 3rd period - Shot by Mark Stone.
3:23 of 3rd period - Stopped by Braden Holtby without a rebound.
3:24 of 3rd period - Kyle Brodziak wins face-off versus Tyler Pitlick in SPOKANE KNIGHTS zone.
4:40 of 3rd period - Kristopher Letang is hit by Jacob de la Rose and loses puck.
4:59 of 3rd period - Shot by Patrick Kane.
4:59 of 3rd period - Shot Misses the Net.
5:13 of 3rd period - Shot by Patrick Kane.
5:13 of 3rd period - Shot Misses the Net.
5:26 of 3rd period - Icing by Brooks Orpik.
5:27 of 3rd period - Phillip Danault wins face-off versus Ryan Kesler in SPOKANE KNIGHTS zone.
6:23 of 3rd period - Shot by Mark Stone.
6:23 of 3rd period - Shot Misses the Net.
6:51 of 3rd period - Shot by Sean Couturier.
6:51 of 3rd period - Stopped by Braden Holtby without a rebound.
6:52 of 3rd period - Paul Stastny wins face-off versus Blake Wheeler in SPOKANE KNIGHTS zone.
6:55 of 3rd period - Shot by Artturi Lehkonen.
6:55 of 3rd period - Shot Misses the Net.
6:57 of 3rd period - Shot by Paul Stastny.
6:57 of 3rd period - Stopped by Braden Holtby without a rebound.
6:58 of 3rd period - Paul Stastny wins face-off versus Sebastian Aho in SPOKANE KNIGHTS zone.
6:59 of 3rd period - Shot by Artturi Lehkonen.
6:59 of 3rd period - Stopped by Braden Holtby without a rebound.
7:00 of 3rd period - Paul Stastny wins face-off versus Sebastian Aho in SPOKANE KNIGHTS zone.
7:29 of 3rd period - Shot by Sebastian Aho.
7:29 of 3rd period - Stopped by John Gibson without a rebound.
7:30 of 3rd period - Sean Couturier wins face-off versus Phillip Danault in KANSAS CITY KILLERBEES zone.
7:34 of 3rd period - Off-side.
7:35 of 3rd period - Mikael Backlund wins face-off versus Sean Couturier in neutral zone.
7:37 of 3rd period - Vincent Trocheck is hit by Jacob Muzzin and loses puck.
7:48 of 3rd period - Shot by Alexander DeBrincat.
7:48 of 3rd period - Shot Misses the Net.
8:44 of 3rd period - Minor Penalty to Dylan DeMelo for Hooking.
8:45 of 3rd period - Sebastian Aho wins face-off versus Ryan Kesler in KANSAS CITY KILLERBEES zone.
8:46 of 3rd period - Shot by Kristopher Letang.
8:46 of 3rd period - Deflect By Sebastian Aho.
8:46 of 3rd period - Shot Blocked by Ryan Kesler.
8:48 of 3rd period - Shot by Victor Hedman.
8:48 of 3rd period - Shot Misses the Net.
9:11 of 3rd period - Shot by Patrick Kane.
9:11 of 3rd period - Goal by Patrick Kane - SPOKANE KNIGHTS : 4 - KANSAS CITY KILLERBEES : 2.
9:11 of 3rd period - Jonathan Bernier enters game.
9:12 of 3rd period - Kyle Brodziak wins face-off versus Sebastian Aho in neutral zone.
9:12 of 3rd period - Kyle Brodziak is hit by Blake Wheeler.
9:26 of 3rd period - Shot by Sebastian Aho.
9:26 of 3rd period - Stopped by Jonathan Bernier without a rebound.
9:27 of 3rd period - Phillip Danault wins face-off versus Ryan Kesler in KANSAS CITY KILLERBEES zone.
9:34 of 3rd period - Shot by Patrick Kane.
9:34 of 3rd period - Shot Misses the Net.
10:34 of 3rd period - Icing by Victor Hedman.
10:35 of 3rd period - William Nylander wins face-off versus Mikael Backlund in SPOKANE KNIGHTS zone.
11:40 of 3rd period - Shot by Sebastian Aho.
11:40 of 3rd period - Shot Misses the Net.
12:02 of 3rd period - Shot by Blake Wheeler.
12:02 of 3rd period - Deflect By Sebastian Aho.
12:02 of 3rd period - The goal is going for a video replay.
12:02 of 3rd period - The goal is good.
12:02 of 3rd period - Goal by Sebastian Aho - SPOKANE KNIGHTS : 5 - KANSAS CITY KILLERBEES : 2.
12:03 of 3rd period - Kyle Brodziak wins face-off versus Phillip Danault in neutral zone.
12:03 of 3rd period - Kyle Brodziak is hit by Matthew Tkachuk.
12:16 of 3rd period - Minor Penalty to Jacob de la Rose for High sticking.
12:17 of 3rd period - Sebastian Aho wins face-off versus Sean Couturier in KANSAS CITY KILLERBEES zone.
12:38 of 3rd period - Shot by Sean Couturier.
12:38 of 3rd period - Deflect By Mark Stone.
12:38 of 3rd period - Shot Misses the Net.
13:51 of 3rd period - Off-side.
13:52 of 3rd period - Ryan Kesler wins face-off versus Sebastian Aho in neutral zone.
14:09 of 3rd period - Dylan DeMelo is hit by Matthew Tkachuk and loses puck.
14:21 of 3rd period - Dmitri Jaskin is hit by Kyle Brodziak and loses puck.
15:00 of 3rd period - Icing by Vincent Trocheck.
15:01 of 3rd period - Paul Stastny wins face-off versus Vincent Trocheck in SPOKANE KNIGHTS zone.
15:02 of 3rd period - Shot by William Nylander.
15:02 of 3rd period - Shot Misses the Net.
15:04 of 3rd period - Shot by Paul Stastny.
15:04 of 3rd period - Shot Misses the Net.
15:06 of 3rd period - Shot by Calvin De Haan.
15:06 of 3rd period - Shot Misses the Net.
15:25 of 3rd period - Shot by Paul Stastny.
15:25 of 3rd period - Stopped by Braden Holtby with a rebound.
15:27 of 3rd period - Shot by Calvin De Haan.
15:27 of 3rd period - Shot Misses the Net.
15:39 of 3rd period - Shot by William Nylander.
15:39 of 3rd period - Shot Misses the Net.
16:08 of 3rd period - Shot by Mark Stone.
16:08 of 3rd period - Stopped by Braden Holtby without a rebound.
16:09 of 3rd period - Phillip Danault wins face-off versus Ryan Kesler in SPOKANE KNIGHTS zone.
16:18 of 3rd period - Shot by Phillip Danault.
16:18 of 3rd period - Deflect By Patrick Kane.
16:18 of 3rd period - Shot Blocked by Colin Miller.
16:20 of 3rd period - Shot by Kristopher Letang.
16:20 of 3rd period - Stopped by Jonathan Bernier without a rebound.
16:21 of 3rd period - Sebastian Aho wins face-off versus Sean Couturier in KANSAS CITY KILLERBEES zone.
16:24 of 3rd period - Shot by Tomas Hertl.
16:24 of 3rd period - Stopped by Jonathan Bernier without a rebound.
16:25 of 3rd period - Sean Couturier wins face-off versus Sebastian Aho in KANSAS CITY KILLERBEES zone.
16:25 of 3rd period - Sean Couturier is hit by Blake Wheeler.
16:48 of 3rd period - Shot by Blake Wheeler.
16:48 of 3rd period - Shot Misses the Net.
16:50 of 3rd period - Shot by Tomas Hertl.
16:50 of 3rd period - Shot Misses the Net.
17:30 of 3rd period - Icing by Hampus Lindholm.
17:31 of 3rd period - Ryan Kesler wins face-off versus Mikael Backlund in KANSAS CITY KILLERBEES zone.
17:36 of 3rd period - Shot by Austin Czarnik.
17:36 of 3rd period - Stopped by Braden Holtby with a rebound.
18:01 of 3rd period - Kristopher Letang is hit by Ryan Kesler and loses puck.
18:57 of 3rd period - Phillip Danault is hit by Dylan DeMelo and loses puck.
19:24 of 3rd period - Shot by Tomas Hertl.
19:24 of 3rd period - Deflect By Sebastian Aho.
19:24 of 3rd period - Shot Misses the Net.
19:26 of 3rd period - Shot by Sebastian Aho.
19:26 of 3rd period - Stopped by Jonathan Bernier without a rebound.
19:27 of 3rd period - Sebastian Aho wins face-off versus Sean Couturier in KANSAS CITY KILLERBEES zone.
19:44 of 3rd period - Shot by Tomas Hertl.
19:44 of 3rd period - Shot Hit the Post.
Goals for this period are 2 for SPOKANE KNIGHTS vs 0 for KANSAS CITY KILLERBEES.
Shots for this period are 8 for SPOKANE KNIGHTS vs 7 for KANSAS CITY KILLERBEES.


RYAN
NUGENT-HOPKINS
THATCHER
DEMKO
MITCHELL
MARNER

EAST COAST

HOCKEY LEAGUE

  • 13.MAN3PIT5
  • 14.NHW2ATL3
  • 15.PET5WOR4
  • 16.RHI30
  • 17.QUECHI
  • 18.CHALIM
  • 19.TRVLON
  • 20.CHWBAL